 Dungeon Crawl Stone Soup version 0.20.0-10-g0535bb4 (webtiles) character file.

33 Naow the Shield-Bearer (level 3, -5/29 HPs)
             Began as a Formicid Fighter on June 7, 2017.
             Killed from afar by Robin (7 damage)
             ... with a wand of flame (?/48)
             ... on level 2 of the Dungeon.
             The game lasted 00:01:06 (1050 turns).

Naow the Shield-Bearer (Formicid Fighter)           Turns: 1050, Time: 00:01:07

Health: -5/29      AC:  6    Str: 21    XL:     3   Next: 47%
Magic:  3/3        EV:  8    Int:  7    God:
Gold:   37         SH:  9    Dex: 10    Spells: 2/2 levels left

rFire    . . .     SeeInvis +   a - +0 war axe
rCold    . . .     Gourm    .   c - +0 shield
rNeg     . . .     Faith    .   b - +0 scale mail
rPois    .         Spirit   .   (helmet unavailable)
rElec    .         Reflect  .   (no cloak)
rCorr    .         Harm     .   (no gloves)
MR       .....                  (no boots)
Stlth    ..........             (no amulet)
Regen    0.1/turn               (no ring)
MPRegen  0.1/turn               (no ring)

@: no status effects
A: permanent stasis, dig shafts and tunnels, four strong arms, antennae 3
a: Dig, Shaft Self


You were on level 2 of the Dungeon.
You were hungry.

You visited 1 branch of the dungeon, and saw 2 of its levels.

You collected 37 gold pieces.

Inventory:

Hand Weapons
 a - a +0 war axe (weapon)
Armour
 b - a +0 scale mail (worn)
 c - a +0 shield (worn)
Scrolls
 j - a scroll of teleportation {unknown}
 k - a scroll of enchant weapon {unknown}
Potions
 d - a potion of might
 e - a potion of heal wounds {unknown}
 i - 2 potions of curing {unknown}
Comestibles
 f - 2 bread rations
 g - 4 fruits
 h - 2 chunks of flesh


   Skills:
 + Level 3.6 Fighting
 * Level 2.8 Axes
 + Level 3.4 Armour
 + Level 4.1 Shields


You had 2 spell levels left.
You didn't know any spells.

Dungeon Overview and Level Annotations

Branches:
Dungeon (2/15)

Altars:

Annotations:
D:2 Robin


Innate Abilities, Weirdness & Mutations

You cannot be hasted, slowed, berserked, paralysed or teleported.
You can dig through walls and to a lower floor.
Your four strong arms can wield two-handed weapons with a shield.
You have a pair of large antennae on your head. (SInv)


Message History

You are too injured to fight recklessly!
You see here a bread ration.
You closely miss the hobgoblin.
The hobgoblin is almost dead.
You are feeling hungry.
You block the hobgoblin's attack. Robin hits you from afar with a spear.
* * * LOW HITPOINT WARNING * * *
You block the hobgoblin's attack.
You slash the hobgoblin!
You kill the hobgoblin!
Robin hits you from afar with a spear.
* * * LOW HITPOINT WARNING * * *
The hobgoblin barely misses you. Robin hits you but does no damage.
You slash the hobgoblin!
You kill the hobgoblin!
Robin zaps a wand.
The puff of flame hits you!
* * * LOW HITPOINT WARNING * * *
Robin hits you but does no damage.
Robin zaps a wand.
The puff of flame hits you!
You die...

.........# ...# #......##. ...
#.........#....# #......... ...
#.........#....#######'###. ...
#.........#............##..
...####.........#............##.#
..........##.....###.........##.#
#.........##.................##.#
.............g...............##..
#≈..≈###..####@..>.........####
...#≈≈#.).#)# #.................
.⌠ #≈≈#.†.#.####....<........#...
. #≈≈#..%#)(............#...#...
#≈≈≈≈###)..............#####...
≈≈≈≈≈≈....)............# #...
.≈≈≈≈≈≈..............#### #...
###≈≈≈≈###............# #...
..#≈≈# ..#.......##### .....


You could see Robin.

Vanquished Creatures
  3 leopard geckos
  A giant cockroach (D:1)
  9 goblins
  5 hobgoblins
  A quokka (D:2)
  2 bats (D:1)
  3 kobolds
  2 rats (D:1)
26 creatures vanquished.

Vanquished Creatures (others)
  A goblin (D:2)
1 creature vanquished.

Grand Total: 27 creatures vanquished

Notes
Turn   | Place    | Note
-------+----------+-------------------------------------------
     0 | D:1      | Naow the Formicid Fighter began the quest for the Orb.
     0 | D:1      | Reached XP level 1. HP: 18/18 MP: 1/1
   202 | D:1      | You fall through a shaft!
   219 | D:2      | Reached XP level 2. HP: 19/24 MP: 2/2
   401 | D:2      | Noticed Robin
   585 | D:1      | Reached skill level 4 in Shields
   585 | D:1      | Reached XP level 3. HP: 29/29 MP: 3/3
   994 | D:1      | You fall through a shaft!
  1050 | D:2      | Killed from afar by Robin

Skill      XL: |  1  2 |
---------------+-------+-----
Shields        | 4 |  4.1
Fighting       | |  3.6
Axes           | |  2.8
Armour         | |  3.4

Action                   || total
-------------------------++-------
Melee: War axe           ||    65
Armor: Scale mail        ||    30
Dodge: Dodged            ||    28
Block: Shield            ||    48
